 Dungeon Crawl Stone Soup version 0.31-a0-1576-ga3383bade6 (webtiles) character file.

Game seed: 18035002830558268912

11 Atlas the Digger (level 2, -1/19 HPs)
             Began as a Demonspawn Earth Elementalist on Jan 4, 2024.
             Slain by a quokka (4 damage)
             ... on level 1 of the Dungeon.
             The game lasted 00:00:37 (431 turns).

Atlas the Digger (Demonspawn Earth Elementalist)     Turns: 431, Time: 00:00:38

Health: -1/19      AC:  3    Str: 14    XL:     2   Next: 13%
Magic:  5/5        EV: 12    Int: 15    God:
Gold:   0          SH:  0    Dex: 13    Spells: 4/5 levels left

rFire   . . .        (no weapon)
rCold   . . .        (no shield)
rNeg    . . .        a - +0 robe
rPois   .            e - +0 helmet
rElec   .            (no cloak)
rCorr   .            (no gloves)
SInv    .            (no boots)
Will    .....        (no amulet)
Stlth   ++           f - +6 ring of strength
HPRegen 0.23/turn    (no ring)
MPRegen 0.09/turn

%: no passive effects
@: no status effects
A: demonic guardian 1
a: no special abilities


You were on level 1 of the Dungeon.
You visited 1 branch of the dungeon, and saw 1 of its levels.

Inventory:

Armour
 a - a +0 robe (worn)
 e - a +0 helmet (worn)
Jewellery
 f - a +6 ring of strength (left hand)
Scrolls
 d - a scroll of vulnerability {unknown}
 h - a scroll of identify {unknown}
Potions
 b - a potion of magic
 c - a potion of degeneration {unknown}
 g - a potion of curing {unknown}


   Skills:
 + Level 1.9 Dodging
 + Level 1.7 Stealth
 + Level 2.1 Spellcasting
 + Level 1.0 Conjurations
 + Level 3.1 Earth Magic


You had 4 spell levels left.
You knew the following spells:

 Your Spells              Type           Power      Damage    Failure   Level
a - Sandblast             Erth           22%        2d7       6%          1

Your spell library contained the following spells:

 Spells                   Type           Power      Damage    Failure   Level
 Passwall                 Erth           11%        N/A       19%         3
 Stone Arrow              Conj/Erth      14%        3d7       28%         3
 Brom's Barrelling Bould  Conj/Erth      7%         2d3       67%         4
 Petrify                  Alch/Erth      6%         N/A       75%         4


Dungeon Overview and Level Annotations

Branches:
Dungeon (1/15)

Altars:


Innate Abilities, Weirdness & Mutations

A weak demonic guardian rushes to your aid.


Message History

The quokka closely misses you.
You hit the quokka.
The quokka is severely wounded.
The giant cockroach bites you but does no damage.
The quokka bites you. The giant cockroach closely misses you.
The quokka barely misses you. The giant cockroach closely misses you.
The quokka bites you.
A demonic guardian appears!
The giant cockroach bites you but does no damage.
The quokka bites you but does no damage.
The giant cockroach barely misses you.
Your white imp closely misses the giant cockroach.
The quokka bites you but does no damage.
The giant cockroach bites you.
Your white imp hits the giant cockroach.
Your white imp freezes the giant cockroach.
The quokka bites you. The giant cockroach closely misses you.
The quokka barely misses you. The giant cockroach closely misses you.
Your white imp hits the giant cockroach.
Your white imp freezes the giant cockroach.
The giant cockroach dies!
The quokka closely misses you. The quokka barely misses you.
The quokka barely misses you. The quokka barely misses you.
The quokka completely misses you. The quokka bites you.
The quokka closely misses you. The quokka barely misses you.
The quokka closely misses you.
Your white imp disappears in a puff of smoke!
The quokka misses you. The quokka closely misses you. The quokka bites you.
The quokka misses you. The quokka bites you.
The quokka bites you but does no damage.
The quokka bites you.
* * * LOW HITPOINT WARNING * * *
A demonic guardian appears!
The quokka misses you. The quokka bites you.
You die...

#.## #.# #.# #..... #.#
..# #.# ####.. ..###..#
..# #.. ....#.# .## #..
###...# . ### ##...## ..
#..### .
..##################h...
............!..5@rhhw...
####################h..$
.


You could see a dart slug, a quokka (ally target), 4 jackals and a friendly
ufetubus (summoned).

Vanquished Creatures
  An endoplasm (D:1)
  A giant cockroach (D:1)
  A kobold (D:1)
  A quokka (D:1)
  3 ball pythons (D:1)
  A goblin (D:1)
  A rat (D:1)
9 creatures vanquished.

Vanquished Creatures (collateral kills)
  A giant cockroach (D:1)
1 creature vanquished.

Grand Total: 10 creatures vanquished

Notes
Turn   | Place    | Note
-------+----------+-------------------------------------------
     0 | D:1      | Atlas the Demonspawn Earth Elementalist began the quest for
                  | the Orb.
     0 | D:1      | Reached XP level 1. HP: 13/13 MP: 3/3
   169 | D:1      | Reached skill level 3 in Earth Magic
   277 | D:1      | Gained mutation: A weak demonic guardian rushes to your
                  | aid. [demonic ancestry]
   277 | D:1      | Reached XP level 2. HP: 19/19 MP: 1/5
   431 | D:1      | Slain by a quokka

Illustrated notes

Levels and vault maps discovered:
D:1:      dpeg_arrival_tiny_h, layout_rooms

Skill      XL: |  1 |
---------------+----+-----
Earth Magic    | 3 |  3.1
Dodging        | |  1.9
Stealth        | |  1.7
Spellcasting   | |  2.1
Conjurations   | |  1.0

Action                     || total
---------------------------++-------
  Melee: Unarmed           ||     7
   Cast: Sandblast         ||    11
 Armour: Robe              ||    49
  Dodge: Dodged            ||    62

Table legend: (Time is in decaauts)
 A = Elapsed time spent in this place.
 B = Non-inter-level travel time spent in this place.
 C = Inter-level travel time spent in this place.
 D = Time resting spent in this place.
 E = Time spent auto-exploring this place.
 F = Levels seen in this place.
 G = Mean time per level.
                   A        B        C        D        E       F      G
               +--------+--------+--------+--------+--------+-----+--------+
         Total |    436 |    436 |      0 |      0 |    275 |   1 |  436.0 |
       Dungeon |    436 |    436 |      0 |      0 |    275 |   1 |  436.0 |
               +--------+--------+--------+--------+--------+-----+--------+

Top non-repeatable levels by time:
     D:1: 436 daAuts
